 Dungeon Crawl Stone Soup version 0.24-a0-333-g864f2b5 (webtiles) character file.

Game seed: 17022700950528089819

66355 BoobJob the Tortoise (level 15, -16/113 HPs)
             Began as a Barachi Ice Elementalist on May 17, 2019.
             Was the Champion of Cheibriados.
             Demolished by a sun demon (19 damage)
             ... summoned by an orc high priest
             ... on level 2 of the Orcish Mines.
             The game lasted 02:08:52 (26283 turns).

BoobJob the Tortoise (Barachi Ice Elementalist)    Turns: 26283, Time: 02:08:53

Health: -16/113    AC: 25    Str: 27    XL:     15   Next: 19%
Magic:  31/31      EV: 12    Int: 37    God:    Cheibriados [******]
Gold:   1314       SH: 15    Dex: 28    Spells: 5/24 levels left

rFire    . . .     SeeInvis .   t - +9 sword of Zonguldrok {reap}
rCold    . . .     Gourm    .   q - +0 shield
rNeg     + . .     Faith    .   z - +3 chain mail {rN+}
rPois    +         Spirit   .   a - +0 hat {Int+3}
rElec    .         Reflect  .   C - +2 cloak {rPois}
rCorr    .         Harm     .   (no gloves)
MR       ++...                  i - +2 pair of boots
Stlth    ..........             D - amulet of magic regeneration
HPRegen  0.28/turn              v - ring of magical power
MPRegen  0.47/turn              P - ring of protection from magic

@: can't hop, very slow
A: +LOS, swims, talons 1, iridescent scales 1, slowness 1, no potion heal 1,
strong legs 2
a: Hop, Bend Time, Temporal Distortion, Slouch, Step From Time, Renounce
Religion


You were on level 2 of the Orcish Mines.
You worshipped Cheibriados.
Cheibriados was exalted by your worship.
You were not hungry.

You visited 4 branches of the dungeon, and saw 23 of its levels.

You collected 1434 gold pieces.
You spent 120 gold pieces at shops.

Inventory:

Hand Weapons
 l - a +3 scimitar of flaming
 t - the +9 sword of Zonguldrok (weapon) {reap}
   (You found it on level 12 of the Dungeon)

   If a monster killed with it leaves a corpse in good enough shape, the corpse
   will be animated as a zombie friendly to the killer.
Missiles
 p - a throwing net
 E - 8 curare-tipped darts (quivered)
 H - 3 javelins
 I - 4 silver javelins
 O - 8 boomerangs
 Y - 2 boomerangs of dispersal
 Z - 64 poisoned darts
Armour
 a - a +0 hat of intelligence (worn)
 i - a +2 pair of boots (worn)
 q - a +0 shield (worn)
 z - a +3 chain mail of positive energy (worn)
 C - a +2 cloak of poison resistance (worn)
Jewellery
 m - an uncursed ring of fire
 v - a ring of magical power (left hand)
 D - an amulet of magic regeneration (around neck)
 M - a +4 amulet of reflection {unknown}
 P - a ring of protection from magic (right hand)
 W - a +3 ring of evasion
Wands
 A - a wand of enslavement (6)
 F - a wand of iceblast (4)
 R - a wand of paralysis (26)
 S - a wand of acid (24)
 V - a wand of digging (19)
Scrolls
 b - 6 scrolls of enchant weapon
 e - a scroll of blinking
 r - 9 scrolls of remove curse
 u - a scroll of fear
 w - 7 scrolls of enchant armour
 B - a scroll of identify
 K - 5 scrolls of magic mapping
 L - 2 scrolls of acquirement
Potions
 d - 2 potions of lignification
 g - a potion of berserk rage {unknown}
 h - a potion of ambrosia
 j - 2 potions of cancellation
 k - 3 potions of magic
 n - 3 potions of agility
 o - 4 potions of flight
 x - 3 potions of might
 G - a potion of invisibility {unknown}
 J - 6 potions of curing
 N - 3 potions of brilliance
 Q - a potion of resistance {unknown}
 U - 5 potions of heal wounds
Miscellaneous
 f - a box of beasts
 y - a phial of floods
 X - a phantom mirror
Comestibles
 c - 27 rations


   Skills:
 - Level 9.3 Fighting
 - Level 9.6 Long Blades
   Level 0.5(0.9) Axes
   Level 0.7(1.0) Maces & Flails
 - Level 6.7 Throwing
 - Level 15.0 Armour
 * Level 4.1 Dodging
 - Level 1.7 Stealth
 + Level 13.4 Shields
 - Level 5.1 Spellcasting
 - Level 6.4 Conjurations
 - Level 2.1 Hexes
 - Level 2.4 Charms
 - Level 2.8 Summonings
 - Level 1.8 Necromancy
 - Level 2.7 Translocations
 - Level 2.5 Fire Magic
 - Level 10.5 Ice Magic
 * Level 5.6 Invocations


You had 5 spell levels left.
You knew the following spells:

 Your Spells              Type           Power        Failure   Level  Hunger
a - Freeze                Ice            ####         1%          1    None
b - Throw Icicle          Conj/Ice       ######..     4%          4    ##.....
c - Summon Ice Beast      Ice/Summ       ######..     10%         4    ##.....
d - Confusing Touch       Hex            ####..       7%          1    None
e - Blink                 Tloc           N/A          8%          2    None
f - Conjure Flame         Conj/Fire      #####...     8%          3    None
g - Regeneration          Chrm/Necr      ####......   19%         3    None
h - Apportation           Tloc           ####..       4%          1    None

Your spell library contained the following spells:

 Spells                   Type           Power        Failure   Level  Hunger
 Magic Dart               Conj           ####         1%          1    None
 Throw Frost              Conj/Ice       ######       1%          2    None
 Ozocubu's Armour         Chrm/Ice       ######..     3%          3    None
 Summon Small Mammal      Summ           ####         4%          1    None
 Animate Skeleton         Necr           N/A          8%          1    None
 Pain                     Necr           ###.         8%          1    None
 Call Imp                 Summ           ####....     8%          2    None
 Slow                     Hex            ####....     10%         2    None
 Recall                   Summ/Tloc      N/A          16%         3    None
 Mephitic Cloud           Conj/Pois/Air  ####....     19%         3    None
 Vampiric Draining        Necr           ###.......   22%         3    None
 Animate Dead             Necr           N/A          58%         4    ##.....
 Irradiate                Conj/Tmut      ####......   75%         5    #####..
 Aura of Abjuration       Summ           ####......   80%         5    #####..
 Summon Demon             Summ           ####......   80%         5    #####..
 Summon Forest            Summ/Tloc      ####......   80%         5    #####..
 Summon Mana Viper        Hex/Summ       ####....     85%         5    #####..
 Hydra Form               Tmut           #.........   100%        6    ######.
 Shadow Creatures         Summ           N/A          100%        6    ######.
 Statue Form              Tmut/Erth      #........    100%        6    ######.
 Dragon Form              Tmut           #.........   100%        7    #######


Dungeon Overview and Level Annotations

Branches:
Dungeon (14/15)            Temple (1/1) D:5            Lair (6/6) D:8
 Shoals (0/4) Lair:3       Spider (0/4) Lair:2        Slime (0/5) Lair:6
    Orc (1/2) D:9          Vaults (0/5) D:14

Altars:
Ashenzari
Cheibriados
Elyvilon
Fedhas
Gozag
Hepliaklqana
Kikubaaqudgha
Makhleb
Nemelex Xobeh
Qazlal
Ru
Trog
Uskayaw
Wu Jian
Xom
Yredelemnul
The Shining One
Jiyva

Shops:
D:6 (   D:12 *!%!

Annotations:
D:1 exclusion: 2 downstairs
D:2 exclusion: downstairs, Sigmund
D:7 exclusion: downstairs
D:14 Louise
Lair:6 1 runed translucent door


Innate Abilities, Weirdness & Mutations

Shadows flee at your approach. (+LOS)
You can swim through water.
You cover ground slowly.
You can hop long distances.
You have sharp toenails.
You are partially covered in iridescent scales. (AC +2)
Potions are less effective at restoring your health.


Message History

The troll is moderately wounded.
You block the troll's attack. x2; The troll claws you but does no damage.
You slice the troll!!
The troll is almost dead.
You block the troll's attack. x3; The troll closely misses you.
You riposte.
You slice the troll!!
The troll is severely wounded.
The troll closely misses you. x2
You slice the troll!!
You kill the troll!
Cheibriados appreciates the change of pace.
The troll leather armour is intact enough to wear.
The troll turns into a zombie!
Your surroundings suddenly seem different.
A troll comes into view.
Found 28 gold pieces.
The sun demon hits you!
* * * LOW HITPOINT WARNING * * *
You are engulfed in flames!!
You die...

. .. .........#
.. . .#.......
... . #$......#
....#.#.....#.#
......#.....#.#
............$#
#...........#
##......3#.##
####..T.@..#
#...###.## #.#.
## #.... ##.#
##


You could see a sun demon and a troll.

Vanquished Creatures
  A bone dragon (D:12)
  An ironheart preserver (D:14)
  An entropy weaver (Lair:6)
  5 dire elephants (Lair:6)
  Josephine (Orc:1)
  4 hydras
  An anaconda (Lair:6)
  Erica (D:8)
  A centaur warrior (D:14)
  4 two-headed ogres
  2 tengu warriors (D:14)
  Urug (D:13)
  A queen ant (Lair:6)
  Nergalle (Lair:3)
  A fire crab (Lair:6)
  2 wolf spider zombies (D:12)
  5 ugly things
  3 cyclopes
  4 elephants (Lair:6)
  Maurice (D:8)
  4 black mambas
  10 spiny frogs
  3 gargoyles
  A redback zombie (D:12)
  A freezing wraith (D:14)
  3 komodo dragons
  An efreet (D:14)
  A jumping spider (Lair:2)
  A polar bear (Lair:6)
  4 trolls
  Prince Ribbit (D:8)
  2 meliai zombies
  A harpy skeleton (D:12)
  5 slime creatures (D:12)
  8 blink frogs
  A snapping turtle (Lair:3)
  9 hippogriffs
  28 yaks
  A shadow (D:12)
  A redback (Lair:2)
  A human (D:7)
  2 wyverns
  4 wraiths
  4 hogs (D:7)
  A hungry ghost (D:10)
  5 vampire mosquitoes
  An acid dragon (D:14)
  17 soldier ants
  5 porcupines
  9 water moccasins
  3 black bears
  12 orc warriors
  4 sky beasts
  A necrophage (D:11)
  9 ice beasts
  A hornet zombie (D:14)
  3 wolves (Lair:4)
  12 ogres
  6 crocodiles
  11 centaurs
  A big kobold (Lair:1)
  8 bullfrogs
  2 wyvern zombies
  A gnoll sergeant (D:11)
  4 scorpions
  A water moccasin skeleton (D:9)
  6 wights
  4 howler monkeys
  2 electric eels
  6 crimson imps
  2 quasits
  10 centaur zombies
  A wyvern simulacrum (D:14)
  6 hounds
  2 jellies
  14 orc wizards
  11 orc priests
  5 bullfrog skeletons
  15 centaur skeletons
  4 iguanas
  Terence (D:3)
  16 worker ants
  A howler monkey zombie (D:9)
  10 adders
  4 gnolls (D:11)
  An ooze (D:5)
  An adder skeleton (D:6)
  6 worms
  2 dart slugs
  5 leopard geckos
  55 orcs
  2 ball pythons
  4 bats
  3 giant cockroaches
  8 goblins
  5 hobgoblins
  5 jackals
  3 quokkas
  A frilled lizard (D:3)
  A jackal zombie (D:8)
  7 kobolds
  A quokka zombie (D:8)
  3 rats (D:3)
  A plant (Lair:6)
489 creatures vanquished.

Vanquished Creatures (collateral kills)
  Gastronok (D:9)
  An entropy weaver (Lair:6)
  A dire elephant (Lair:6)
  A two-headed ogre (D:14)
  A gargoyle (D:13)
  A spiny frog (Lair:6)
  A rime drake (Lair:5)
  A komodo dragon (Lair:6)
  3 hippogriffs
  6 yaks
  A vampire mosquito (D:13)
  9 soldier ants (Lair:6)
  3 water moccasins
  An orc warrior (D:13)
  An ogre (Orc:2)
  5 wolves (Lair:1)
  2 crocodiles
  3 bullfrogs
  2 orc wizards
  11 worker ants (Lair:6)
  8 orcs
  A butterfly (Lair:1)
  6 fungi
  A plant (Lair:6)
71 creatures vanquished.

Vanquished Creatures (others)
  A centaur zombie (D:11)
  An ogre (D:11)
  A centaur (D:11)
  An iguana (D:11)
  An adder (D:11)
  An orc (D:9)
  37 fungi (Lair:6)
  14 plants
57 creatures vanquished.

Grand Total: 617 creatures vanquished

Notes
Turn   | Place    | Note
-------+----------+-------------------------------------------
     0 | D:1      | BoobJob the Barachi Ice Elementalist began the quest for
                  | the Orb.
     0 | D:1      | Reached XP level 1. HP: 13/13 MP: 3/3
   445 | D:1      | Reached skill level 1 in Armour
   445 | D:1      | Reached XP level 2. HP: 19/19 MP: 3/5
  1227 | D:2      | Reached XP level 3. HP: 24/24 MP: 6/6
  1348 | D:2      | Noticed Sigmund
  1629 | D:1      | Reached XP level 4. HP: 5/30 MP: 6/8
  1930 | D:2      | Reached skill level 2 in Armour
  2273 | D:3      | Learned a level 4 spell: Throw Icicle
  2328 | D:3      | Noticed Terence
  2347 | D:3      | Killed Terence
  2894 | D:3      | Noticed a phantom
  2902 | D:3      | Reached XP level 5. HP: 35/35 MP: 10/10
  3008 | D:2      | Learned a level 4 spell: Summon Ice Beast
  4057 | D:4      | Noticed an ogre
  4066 | D:4      | Killed an ogre
  4066 | D:4      | Reached skill level 1 in Throwing
  4066 | D:4      | Reached skill level 3 in Armour
  4066 | D:4      | Reached skill level 5 in Ice Magic
  4066 | D:4      | Reached XP level 6. HP: 11/42 MP: 9/11
  4808 | D:4      | Reached skill level 4 in Armour
  4967 | D:5      | Entered Level 5 of the Dungeon
  5103 | D:5      | Reached skill level 1 in Fighting
  5125 | D:5      | Noticed an orc warrior
  5147 | D:5      | Reached XP level 7. HP: 48/48 MP: 9/13
  5363 | D:5      | Found a staircase to the Ecumenical Temple.
  5422 | Temple   | Entered the Ecumenical Temple
  5457 | Temple   | Became a worshipper of Cheibriados the Contemplative
  6087 | D:6      | Reached XP level 8. HP: 57/57 MP: 13/15
  6445 | D:6      | Reached skill level 5 in Armour
  6464 | D:6      | Reached skill level 5 in Spellcasting
  6824 | D:6      | Reached * piety under Cheibriados
  7185 | D:6      | Reached skill level 6 in Armour
  7510 | D:6      | Found Kumuricic's Weapon Shoppe.
  7524 | D:6      | Found an opulent altar of Gozag.
  7719 | D:7      | Reached XP level 9. HP: 65/65 MP: 11/16
  8241 | D:7      | Reached skill level 5 in Conjurations
  8642 | D:7      | Reached skill level 7 in Armour
  8995 | D:7      | Found a shattered altar of Ashenzari.
  9198 | D:7      | Reached skill level 5 in Fighting
  9207 | D:7      | Reached ** piety under Cheibriados
  9658 | D:8      | Reached XP level 10. HP: 74/74 MP: 12/17
  9723 | D:8      | Noticed a two-headed ogre
  9740 | D:8      | Killed a two-headed ogre
  9740 | D:8      | Reached skill level 1 in Invocations
  9922 | D:8      | Noticed Erica
  9932 | D:8      | Killed Erica
  9932 | D:8      | Reached skill level 8 in Armour
  9932 | D:8      | Reached skill level 10 in Ice Magic
 10090 | D:8      | Noticed Maurice
 10093 | D:8      | Reached skill level 1 in Summonings
 10101 | D:8      | Killed Maurice
 10103 | D:8      | Reached skill level 5 in Throwing
 10315 | D:8      | Noticed Prince Ribbit
 10324 | D:8      | Killed Prince Ribbit
 10547 | D:8      | Learned a level 1 spell: Confusing Touch
 10554 | D:8      | Learned a level 2 spell: Blink
 10634 | D:8      | Found a staircase to the Lair.
 11157 | D:9      | Reached skill level 1 in Translocations
 11178 | D:9      | Reached skill level 1 in Hexes
 11183 | D:9      | Reached *** piety under Cheibriados
 11636 | D:9      | Learned a level 3 spell: Conjure Flame
 11643 | D:9      | Learned a level 3 spell: Regeneration
 11700 | D:9      | Noticed Gastronok
 11728 | D:9      | Killed Gastronok
 11728 | D:9      | Reached skill level 1 in Fire Magic
 11728 | D:9      | Reached XP level 11. HP: 83/83 MP: 18/18
 11936 | D:9      | Found a staircase to the Orcish Mines.
 12255 | D:10     | Entered Level 10 of the Dungeon
 12262 | D:10     | Reached **** piety under Cheibriados
 12302 | D:10     | Reached skill level 9 in Armour
 13331 | D:10     | Gained mutation: You are frail. (-10% HP) [potion of
                  | mutation]
 13331 | D:10     | Gained mutation: You occasionally shout uncontrollably at
                  | your foes. [potion of mutation]
 13331 | D:10     | Gained mutation: You are agile. (Dex +2) [potion of
                  | mutation]
 13332 | D:10     | Lost mutation: You are frail. (-10% HP) [potion of
                  | mutation]
 13332 | D:10     | Lost mutation: You occasionally shout uncontrollably at
                  | your foes. [potion of mutation]
 13332 | D:10     | Lost mutation: You are agile. (Dex +2) [potion of mutation]
 13332 | D:10     | Gained mutation: Scrolls take you a little longer to read.
                  | [potion of mutation]
 13332 | D:10     | Gained mutation: You have sharp fingernails. [potion of
                  | mutation]
 13380 | D:11     | Reached ***** piety under Cheibriados
 13489 | D:11     | Reached skill level 1 in Charms
 13610 | D:11     | Reached skill level 1 in Necromancy
 13777 | D:11     | Found a shimmering altar of Xom.
 13781 | D:11     | Noticed a seven-headed hydra
 13793 | D:11     | Killed a seven-headed hydra
 13793 | D:11     | Reached skill level 10 in Armour
 14060 | D:11     | Noticed a white ugly thing
 14067 | D:11     | Killed a white ugly thing
 14656 | D:12     | Found Xustun's Distillery.
 14662 | D:12     | Bought a potion of heal wounds for 60 gold pieces
 14662 | D:12     | Bought a potion of heal wounds for 60 gold pieces
 14760 | D:12     | Reached skill level 1 in Shields
 14897 | D:12     | Noticed a red ugly thing
 14910 | D:12     | Reached XP level 12. HP: 86/94 MP: 19/19
 14926 | D:12     | Reached skill level 11 in Armour
 15205 | D:12     | Found Ajyohule's Food Emporium.
 15410 | D:12     | Found Afemez's General Store.
 15535 | D:12     | Reached skill level 5 in Shields
 15731 | D:12     | Reached ****** piety under Cheibriados
 16682 | D:12     | Found Sibagall's Distillery.
 17465 | D:12     | Noticed a bone dragon
 17466 | D:12     | Found the +9 sword of Zonguldrok {reap}
 17494 | D:12     | Killed a bone dragon
 17494 | D:12     | Reached skill level 12 in Armour
 17494 | D:12     | Reached skill level 10 in Shields
 17494 | D:12     | Gained mutation: You can hop long distances. [Barachi
                  | growth]
 17494 | D:12     | Reached XP level 13. HP: 25/99 MP: 18/20
 17957 | D:13     | Reached skill level 1 in Long Blades
 17982 | D:13     | Noticed Nessos
 17988 | D:13     | Noticed Nessos
 17988 | D:13     | Nessos changed into Nessos the hippogriff
 17991 | D:13     | Killed Nessos the hippogriff
 18297 | D:13     | Noticed Urug
 18312 | D:13     | Killed Urug
 19229 | D:14     | Reached skill level 5 in Long Blades
 19499 | D:14     | Noticed an ironheart preserver
 19512 | D:14     | Killed an ironheart preserver
 19513 | D:14     | Found a gate to the Vaults.
 19915 | D:14     | Noticed Louise
 20182 | Lair:1   | Entered Level 1 of the Lair of Beasts
 20470 | Lair:1   | Noticed Sonja
 20471 | Lair:1   | Noticed Sonja
 20471 | Lair:1   | Sonja changed into Sonja the big kobold
 20476 | Lair:1   | Killed Sonja the big kobold
 20755 | Lair:1   | Reached XP level 14. HP: 90/106 MP: 21/21
 21289 | Lair:2   | Reached skill level 13 in Armour
 21455 | Lair:2   | Found a hole to the Spider Nest.
 22113 | Lair:3   | Noticed Nergalle
 22125 | Lair:3   | Killed Nergalle
 22205 | Lair:3   | You fall through a shaft for 3 floors!
 22205 | Lair:6   | Entered Level 6 of the Lair of Beasts
 22209 | Lair:6   | Learned a level 1 spell: Apportation
 22333 | Lair:6   | Got a pitted hunting sling
 22370 | Lair:6   | Noticed an entropy weaver
 22371 | Lair:6   | Noticed an entropy weaver
 22431 | Lair:6   | Killed an entropy weaver
 22438 | Lair:6   | Killed an entropy weaver
 22677 | Lair:6   | Noticed a dire elephant
 22683 | Lair:6   | Killed a dire elephant
 22890 | Lair:6   | Noticed a dire elephant
 22890 | Lair:6   | Noticed a dire elephant
 22911 | Lair:6   | Killed a dire elephant
 22921 | Lair:6   | Killed a dire elephant
 23105 | Lair:6   | Reached skill level 14 in Armour
 23162 | Lair:6   | Noticed a dire elephant
 23177 | Lair:6   | Killed a dire elephant
 23369 | Lair:6   | Noticed a dire elephant
 23389 | Lair:6   | Killed a dire elephant
 23506 | Lair:6   | Noticed a dire elephant
 23516 | Lair:6   | Killed a dire elephant
 23822 | Lair:3   | Reached skill level 5 in Invocations
 23863 | Lair:3   | Found a staircase to the Shoals.
 24647 | Lair:4   | Identified the +10 hunting sling of Distant Worlds {freeze,
                  | rN+} (You found it on level 6 of the Lair of Beasts)
 24651 | Lair:4   | Identified 2 scrolls of acquirement
 24871 | Lair:5   | Reached XP level 15. HP: 77/113 MP: 22/22
 25573 | Lair:6   | Lost mutation: You have sharp fingernails. [potion of
                  | mutation]
 25573 | Lair:6   | Lost mutation: Scrolls take you a little longer to read.
                  | [potion of mutation]
 25573 | Lair:6   | Gained mutation: You are partially covered in iridescent
                  | scales. (AC +2) [potion of mutation]
 25573 | Lair:6   | Gained mutation: Potions are less effective at restoring
                  | your health. [potion of mutation]
 25573 | Lair:6   | Gained mutation: You have sharp toenails. [potion of
                  | mutation]
 25621 | Lair:6   | Found a runed translucent door.
 25622 | Lair:6   | Found a viscous altar of Jiyva.
 25622 | Lair:6   | Noticed an acid blob
 25624 | Lair:6   | Found a staircase to the Slime Pits.
 25950 | Lair:6   | Reached skill level 15 in Armour
 26233 | Orc:1    | Entered Level 1 of the Orcish Mines
 26236 | Orc:1    | Noticed Josephine
 26245 | Orc:1    | Killed Josephine
 26247 | Orc:1    | You fall through a shaft!
 26247 | Orc:2    | Entered Level 2 of the Orcish Mines
 26277 | Orc:2    | Noticed an orc warlord
 26283 | Orc:2    | HP: 3/113 [sun demon[an orc high priest] (15)]
 26283 | Orc:2    | Demolished by a sun demon

Levels and vault maps discovered:
D:1:      scummos_arrival_checkerplants, layout_rooms
D:2:      layout_loops_corners, uniq_sigmund
D:3:      layout_basic, uniq_terence
D:4:      layout_basic
D:5:      layout_loops_ring, minmay_temple_entry_statues_fountains, first_ration
D:6:      layout_basic, marbit_many_paths, serial_shops, shop_fountains,
          kennysheep_decorative_pillar
D:7:      minmay_opposing_rooms, layout_basic, basic_altar, grunt_livestock,
          minmay_misc_feat_room
D:8:      layout_basic, lair_entry_dummy, uniq_erica, uniq_prince_ribbit1,
          uniq_maurice
D:9:      layout_roguey, david_orc_1_choice, serial_bayou_ford_a, uniq_gastronok
D:10:     layout_basic
D:11:     layout_loops_corners, xom_confusion_cloud
D:12:     layout_loops_corners, serial_shops, nicolae_shop_behind_doors, shop,
          shop, shop, minmay_guarded_unrand_zonguldrok
D:13:     layout_grid_maze, uniq_urug, uniq_nessos
D:14:     layout_roguey, skrybe_vaults_entry_preservation,
          minmay_misc_feat_alley, uniq_louise
Temple:   compressed_dpeg_triangle_lava_temple
Lair:1:   layout_cave_pods, guppyfry_lair_drakes, lemuel_fruit_fields,
          uniq_sonja
Lair:2:   layout_regular_city, spider_nest_entry_a
Lair:3:   layout_loops_ring, minmay_shoals_entry_hut, uniq_nergalle
Lair:4:   layout_hall_layers, bh_autumn_forest_stairs
Lair:5:   layout_long_grid, infiniplex_staircase_pool_2, grunt_megastairs_1
Lair:6:   due_jungle_book, layout_long_grid, slime_altar_2,
          gauntlet_entry_generic, minivault_29
Orc:1:    cheibrodos_orc_bank, layout_diamond_mine, basic_altar, uniq_josephine
Orc:2:    grunt_orc_tribal_feast, layout_diamond_mine

Skill      XL: |  1  2  3  4  5  6  7  8  9 10 11 12 13 14 15 |
---------------+----------------------------------------------+-----
Armour         | 1 2 3 4 6 7 8 10 12 14 15 | 15.0
Ice Magic      | 4 5 6 7 9 10 | 10.5
Spellcasting   | 3 4 5 |  5.1
Throwing       | 1 2 4 6 |  6.7
Conjurations   | 2 3 4 5 6 |  6.4
Fighting       | 1 2 4 5 6 8 9 |  9.3
Invocations    | 3 5 |  5.6
Summonings     | 2 |  2.8
Translocations | 2 |  2.7
Hexes          | 2 |  2.1
Fire Magic     | 1 2 |  2.5
Charms         | 2 |  2.4
Necromancy     | 1 |  1.8
Shields        | 2 10 11 13 | 13.4
Long Blades    | 9 |  9.6
Dodging        | 3 4 |  4.1
Axes           | |  0.5
Maces & Flails | |  0.7
Stealth        | |  1.7

Action                   |  1- 3 |  4- 6 |  7- 9 | 10-12 | 13-15 || total
-------------------------+-------+-------+-------+-------+-------++-------
Melee: War axe           |    16 |    27 |       |       |       ||    43
       Dagger            |       |    58 |       |       |       ||    58
       Flail             |       |       |    80 |   207 |    10 ||   297
       Double sword      |       |       |       |       |   568 ||   568
       Scimitar          |       |       |       |       |    10 ||    10
Throw: Javelin           |     5 |     8 |    31 |    18 |     7 ||    69
       Stone             |       |    36 |    16 |     7 |       ||    59
       Boomerang         |       |       |    16 |   155 |    34 ||   205
       Dart              |       |       |       |    20 |    16 ||    36
 Cast: Freeze            |    31 |    72 |   129 |   220 |     9 ||   461
       Throw Icicle      |       |       |    10 |    33 |    62 ||   105
       Summon Ice Beast  |       |       |       |     9 |    25 ||    34
       Conjure Flame     |       |       |       |    20 |    10 ||    30
       Blink             |       |       |       |    17 |    32 ||    49
       Regeneration      |       |       |       |     1 |     1 ||     2
Invok: Slouch            |       |       |       |       |     3 ||     3
 Abil: Hop               |     1 |     1 |     6 |     7 |     4 ||    19
Evoke: Wand              |       |       |       |     9 |    18 ||    27
  Use: Potion            |     1 |       |     2 |     4 |     3 ||    10
       Scroll            |       |       |     8 |    13 |    13 ||    34
 Stab: Sleeping          |       |       |       |     1 |     1 ||     2
       Distracted        |       |       |       |       |    13 ||    13
  Eat: Chunk             |     3 |    12 |     7 |    12 |    14 ||    48
       Ration            |       |       |     2 |     1 |     3 ||     6
Armor: Robe              |    17 |     3 |       |       |       ||    20
       Ring mail         |       |    38 |    89 |   143 |    32 ||   302
       Chain mail        |       |       |       |    14 |   240 ||   254
Dodge: Dodged            |    41 |    73 |   135 |   307 |   304 ||   860
Block: Shield            |       |       |       |   113 |   563 ||   676
       Rpst.: Double sword |       |       |       |       |    70 ||    70
       Scimitar          |       |       |       |       |     1 ||     1

Table legend:
 A = Non-vault XP
 B = Vault XP
 C = Vault XP percentage of total XP
 D = Non-vault monster count
 E = Vault monster count
 F = Vault count percentage of total count
                 A         B        C        D         E       F
            +---------+---------+-------+---------+---------+-------
      Total |   58364 |   36430 |  38.4 |     427 |     124 |  22.5
            +---------+---------+-------+---------+---------+-------
        D:1 |      13 |       0 |   0.0 |       6 |       0 |   0.0
        D:2 |      95 |       0 |   0.0 |      19 |       0 |   0.0
        D:3 |      92 |      36 |  28.1 |      25 |       1 |   3.8
        D:4 |     458 |       0 |   0.0 |      15 |       0 |   0.0
        D:5 |     484 |       0 |   0.0 |      19 |       0 |   0.0
        D:6 |    1104 |       0 |   0.0 |      22 |       0 |   0.0
        D:7 |     629 |    1494 |  70.4 |      11 |      11 |  50.0
        D:8 |    1666 |    1638 |  49.6 |      17 |       3 |  15.0
        D:9 |    1440 |    1888 |  56.7 |      24 |      10 |  29.4
       D:10 |    2273 |       0 |   0.0 |      27 |       0 |   0.0
       D:11 |    2363 |    1201 |  33.7 |      36 |       4 |  10.0
       D:12 |    6203 |   11960 |  65.8 |      24 |      21 |  46.7
       D:13 |    4962 |     684 |  12.1 |      40 |       2 |   4.8
       D:14 |    6612 |    4826 |  42.2 |      21 |       9 |  30.0
     Lair:1 |    2490 |     291 |  10.5 |      15 |       3 |  16.7
     Lair:2 |    1465 |     456 |  23.7 |      11 |       2 |  15.4
     Lair:3 |    4244 |     792 |  15.7 |      18 |       2 |  10.0
     Lair:4 |    1538 |       0 |   0.0 |       7 |       0 |   0.0
     Lair:5 |    4383 |     394 |   8.2 |      24 |       2 |   7.7
     Lair:6 |   14883 |    9048 |  37.8 |      33 |      50 |  60.2
      Orc:1 |     428 |    1722 |  80.1 |       4 |       4 |  50.0
      Orc:2 |     539 |       0 |   0.0 |       9 |       0 |   0.0
            +---------+---------+-------+---------+---------+-------
